Map: 드림캐처 - 래더

Players

JIJI

  • Race: Terran Terran
  • League: Master
  • Spawn Location: 5:00

SiBal - Winner!

  • Race: Protoss Protoss
  • League: Master
  • Spawn Location: 11:00

VOD

Have the link to the VOD?

Description

Time

  • Played on: July 23, 2018, 5:09 p.m.
  • Length: 5:49
Show
View Real Time Build Order
Export as new Build Order

JIJI Terran 

Build Orders: Cyclone Opening, Reaper Expand 

Get SALT Encoding   

  12  0:01  SCV  
  13  0:13  SCV  
  14  0:17  Supply Depot  
  14  0:25  SCV  
  14  0:28  Refinery  
  15  0:39  SCV  
  16  0:45  Barracks  
  16  0:51  SCV  
  17  1:03  SCV  
  18  1:15  SCV  
  19  1:34  Orbital Command, Reaper  
  20  1:50  Command Center  
  20  1:58  Factory  
  20  2:03  Refinery  
  20  2:11  Barracks Reactor  
  20  2:13  SCV  
  21  2:22  Supply Depot  
  21  2:25  SCV  
  22  2:53  Cyclone  
  22  2:54  Cyclone  
  22  2:57  SCV  
  27  3:15  SCV  
  27  3:33  SCV  
  28  3:35  Hellion  
  28  3:36  Hellion  
  28  3:38  Orbital Command  
  32  3:53  SCV  
  32  3:54  Command Center  
  33  3:57  Factory  
  33  4:03  SCV  
  33  4:05  SCV  
  35  4:11  Supply Depot  
  35  4:16  SCV  
  36  4:24  SCV  
  37  4:28  Supply Depot  
  37  4:31  Cyclone  
  40  4:32  SCV, Hellion  
  40  4:36  SCV  
  40  4:38  Supply Depot  
  44  4:44  SCV  
  44  4:45  Factory Tech Lab  
  45  4:50  Starport  
  42  5:03  Siege Tank  
  37  5:17  Hellion  
  37  5:18  Hellion  
  31  5:36  SCV  
Show
View Real Time Build Order
Export as new Build Order

SiBal Protoss - Winner!

Build Orders: 1 Gate Expand 

Get SALT Encoding   

  12  0:02  Probe  
  13  0:14  Probe  
  13  0:19  Pylon  
  14  0:26  Probe  
  15  0:34  Probe  
  15  0:38  Gateway  
  15  0:42  Probe  
  16  0:47  Assimilator  
  17  0:52  Probe  
  18  1:04  Probe  
  19  1:17  Probe  
  20  1:25  Cybernetics Core  
  20  1:33  Nexus  
  20  1:40  Pylon  
  20  1:43  Probe  
  21  1:49  Assimilator  
  21  1:53  Adept  
  21  1:55  Probe  
  22  2:02  Warp Gate  
  22  2:07  Probe  
  25  2:10  Stalker  
  25  2:20  Probe  
  28  2:37  Robotics Facility  
  28  2:39  Probe  
  28  2:40  Stalker  
  28  2:42  Probe  
  31  2:50  Probe  
  33  2:51  Probe  
  34  3:00  Probe  
  34  3:03  Probe  
  36  3:12  Stalker  
  38  3:14  Probe  
  38  3:15  Probe  
  38  3:16  Gateway  
  40  3:21  Warp Prism  
  40  3:25  Gateway  
  40  3:37  Probe x2  
  40  3:40  Pylon  
  42  3:47  Shield Battery  
  42  3:49  Probe x2  
  42  3:54  Pylon  
  44  4:01  Probe x2, Observer  
  47  4:05  Stalker  
  49  4:11  Stalker  
  49  4:15  Probe x2, Assimilator  
  49  4:16  Assimilator  
  53  4:22  Twilight Council  
  53  4:24  Stalker  
  53  4:30  Forge  
  55  4:32  Observer  
  55  4:33  Probe  
  55  4:34  Probe  
  58  4:42  Stalker x2  
  62  4:46  Pylon  
  62  5:03  Pylon  
  62  5:04  Probe x2  
  62  5:06  Stalker  
  66  5:13  Stalker  
  64  5:20  Stalker  
  66  5:27  Probe x2  
  68  5:35  Stalker  
  70  5:39  Stalker  
  66  5:47  Stalker  
Tags
 
Add a new tag
Caveats
  • Supply blocks, unpowered buildings, or Contaminate may cause inaccurate times.
  • Supply counts are checked every 10 seconds.